[Event "Late-Titled-Tuesday-Blitz-January-30-2024"]
[Site "Chess.com"]
[Date "2024.01.30"]
[Round "1"]
[White "Mr_November18"]
[Black "Arteler"]
[Result "0-1"]
[WhiteElo "2075"]
[BlackElo "2565"]
[TimeControl "180+1"]
[EndTime "14:07:46 PST"]
[Termination "Arteler won on time"]

1. e4 e6 2. d4 d5 3. Nc3 Bb4 4. e5 c5 5. a3 Bxc3+ 6. bxc3 Qa5 7. Bd2 Qa4 8. Bd3 cxd4 9. cxd4 Qxd4 10. Nf3 Qb6 11. O-O Nc6 12. Re1 Nge7 13. Ng5 Ng6 14.
Qh5 Ncxe5 15. Bxg6 Nxg6 16. Bc3 d4 17. Bb4 a5 18.
Bd2 h6 19. Ne4 e5 20. Rab1 Qc6 21. f4 f5 22. Ng3 O-O 23. fxe5 f4 24. e6 Qxc2 25.
Ne4 Ne7 26. Rbc1 Qa2 27. Rc7 Qxe6 28. Ng5 Qf6 29. Rexe7 hxg5 30. Rxg7+ Qxg7 31. Rxg7+ Kxg7 32. Qxg5+ Kf7 33. Bxf4 Be6 34. Qh5+ Ke7 35. Qc5+ Ke8 36. g3 Rd8 37. Qb5+ Rd7 38. Qa4 d3 39. h4 d2 40.
Bxd2 Rf5 41. Bf4 b5 42. Qe4 Kf7 43. h5 Rxh5 44. Kf2 Rh2+ 45. Kf3 Bd5 46. Qxd5+ Rxd5 0-1

[Event "Late-Titled-Tuesday-Blitz-January-30-2024"]
[Site "Chess.com"]
[Date "2024.01.30"]
[Round "1"]
[White "stasOR4ik"]
[Black "GMAkobianSTL"]
[Result "0-1"]
[WhiteElo "2417"]
[BlackElo "2730"]
[TimeControl "180+1"]
[EndTime "14:07:47 PST"]
[Termination "GMAkobianSTL won on time"]

1. e4 d6 2. c4 Nf6 3. Nc3 c5 4.
g3 g6 5. Bg2 Bg7 6. h4 O-O 7.
h5 Nxh5 8. Rxh5 gxh5 9. Qxh5 Nd7 10. d3 Ne5 11. f4 Nxd3+ 12. Kd2 Nxc1 13. Rxc1 f5 14. Nh3 Qe8 15. Qh4 h6 16. Nd5 Rf7 17.
Nc7 Qd8 18. Nxa8 Bd7 19. exf5 Bxf5 20. g4 Qa5+ 21. Kd1 Bxb2 22. gxf5 Bxc1 23. Kxc1 Qc3+ 24. Kd1 Qxc4 25. Nc7 Qa4+ 26. Ke2 Qxa2+ 27. Kf1 Qb1+ 28. Kf2 Qc2+ 29. Kf1 Qd1+ 30. Qe1 Qxe1+ 31. Kxe1 Rg7 32. Bxb7 a5 33. Bd5+ Kh7 34. f6 exf6 35. Be4+ Kh8 36. Ne6 Ra7 37. Nf2 a4 38. Bd5 a3 39. Ba2 Rb7 40.
Nd3 h5 41. f5 h4 42. Nef4 Kg7 43. Kf2 Ra7 44. Kf3 c4 45. Bxc4 a2 46. Bxa2 Rxa2 47. Ne6+ Kh6 48. Ndf4 Rd2 49. Kg4 d5 50. Kxh4 d4 51.
Kg4 Rf2 52. Kg3 Rd2 53. Kf3 Rd1 54. Ke4 Re1+ 55. Kxd4 Re5 56. Nd8 Rxf5 57. Nf7+ Kg7 0-1

[Event "Late-Titled-Tuesday-Blitz-January-30-2024"]
[Site "Chess.com"]
[Date "2024.01.30"]
[Round "1"]
[White "jk13"]
[Black "Giantgoogachess"]
[Result "1-0"]
[WhiteElo "2705"]
[BlackElo "2405"]
[TimeControl "180+1"]
[EndTime "14:07:47 PST"]
[Termination "jk13 won by resignation"]

1. e4 c5 2. c3 Nf6 3. e5 Nd5 4. Bc4 e6 5. Bb3 d6 6. Nf3 Nc6 7. d4 cxd4 8. cxd4 Be7 9. O-O O-O 10. Qe2 Na5 11. Bc2 Nb4 12. Bd1 Bd7 13. Nc3 Rc8 14. a3 Nd5 15. Nxd5 exd5 16. Qd3 Qc7 17. Bf4 Bg4 18. Re1 Bh5 19. Qb5 Rfd8 20. Qxd5 dxe5 21.
Qxe5 Qxe5 22. dxe5 Nc4 23. b4 Nb2 24. Be2 Nd3 25. Bxd3 Rxd3 26. Nd2 g5 27. Be3 Bg6 28.
Nf3 g4 29. Nd4 Rd8 30. Nb5 a6 31. Nd6 Bxd6 32. exd6 R8xd6 33. Bh6 Re6 34. Rec1 Re8 35. Rc7 b5 36. Rac1 Rxa3 37. Rc8 f6 38. R8c7 Bf7 39. Bf4 Rd3 40. h4 gxh3 41. gxh3 Rd5 42. R1c6 Rf5 43. Be3 Kg7 44. Rxa6 Kg6 45. Raa7 Bg8 46. Rg7+ Kh5 47. Kg2 Bd5+ 48. Kg3 Rf3+ 49. Kh2 Bg8 50.
Rab7 Rfxe3 51. fxe3 Bc4 52. Rxh7+ Kg5 53. Rbe7 Kf5 54.
Rxe8 1-0

[Event "Late-Titled-Tuesday-Blitz-January-30-2024"]
[Site "Chess.com"]
[Date "2024.01.30"]
[Round "1"]
[White "Elsa167"]
[Black "JackRodgers"]
[Result "1-0"]
[WhiteElo "2864"]
[BlackElo "2491"]
[TimeControl "180+1"]
[EndTime "14:07:48 PST"]
[Termination "Elsa167 won by resignation"]

1. d4 Nf6 2. c4 c5 3. d5 e5 4. Nc3 d6 5. e4 Be7 6. g3 h5 7. Nf3 Na6 8. Bg2 Nc7 9. h4 a6 10. a4 Rb8 11. a5 Ng4 12. O-O Bd7 13. b3 g6 14. Nh2 Bxh4 15. gxh4 Qxh4 16. Nf3 Qe7 17. Re1 O-O 18. Nh2 Qh4 19. Nxg4 hxg4 20.
Qd2 Kg7 21. Qg5 Qxg5 22. Bxg5 f6 23. Bd2 b5 24. axb6 Rxb6 25. Ra3 Rfb8 26. Rb1 f5 27. Nd1 Ne8 28. Bf1 f4 29. Bd3 Nf6 30. Bc2 g5 31. Rba1 Bc8 32. Kf1 Kf7 33. Ke2 Ke7 34. Kd3 Kd8 35. Kc3 Kc7 36. Kd3 Kb7 37. Ba5 Ka7 38.
Bxb6+ Kxb6 39. Nc3 Bb7 40. Rh1 Rf8 41. Rh6 Ka7 42.
Ra1 g3 43. fxg3 Ng4 44. Rh7 fxg3 45. Nb5+ Kb6 46. Nxd6 Nf2+ 47. Ke2 Ba8 48. Rg1 Ka5 49. Rxg3 Kb4 50. Rf7 Rxf7 51. Nxf7 1-0

[Event "Late-Titled-Tuesday-Blitz-January-30-2024"]
[Site "Chess.com"]
[Date "2024.01.30"]
[Round "1"]
[White "shimastream"]
[Black "Statham_01"]
[Result "1-0"]
[WhiteElo "3023"]
[BlackElo "2528"]
[TimeControl "180+1"]
[EndTime "14:07:49 PST"]
[Termination "shimastream won by resignation"]

1. e4 e5 2. Nf3 Nf6 3. Nxe5 Nc6 4. Nxc6 dxc6 5. d3 Bc5 6. Be2 h5 7. h3 Qd4 8. O-O Qe5 9. Kh1 Ng4 10. f4 Qe7 11. Qe1 Bd7 12. Nc3 O-O-O 13. Na4 Bd4 14. c3 Bf6 15. b4 Bh4 16. Qd2 Bg3 17. Nc5 Qh4 18. Nxd7 Rxd7 19. f5 Be5 20. Rf3 Nf2+ 21. Kg1 Nxe4 22. Qe3 Nxc3 23. Qxe5 Qe1+ 24. Kh2 Nxe2 25.
Bb2 Qd2 26. Rf2 Qxb4 27. Qxe2 Rhd8 28. Bxg7 Rxd3 29. Qxh5 Qc5 30. Raf1 Qd6+ 31. Kg1 Qd5 32. Qg4 b6 33. h4 Kb7 34. h5 Re3 35. h6 Re4 36.
Qg3 Qc4 37. h7 Rh4 38. Bf6 Rg4 39. Qh2 Re8 40. h8=Q Rxh8 41. Qxh8 Qe4 42. Qh5 Rg8 43. Qxf7 Rg4 44. Qh5 a5 45. Qh3 a4 46. Qf3 Qc4 47.
Be5 Rg8 48. f6 Qf7 49. Rc1 Qe6 50. f7 Rf8 51. Bg7 1-0

[Event "Late-Titled-Tuesday-Blitz-January-30-2024"]
[Site "Chess.com"]
[Date "2024.01.30"]
[Round "1"]
[White "PapaieDudu"]
[Black "IlanSchnaider"]
[Result "0-1"]
[WhiteElo "2375"]
[BlackElo "2674"]
[TimeControl "180+1"]
[EndTime "14:07:49 PST"]
[Termination "IlanSchnaider won by checkmate"]

1. e4 c5 2. Nf3 d6 3. d4 cxd4 4. Nxd4 Nf6 5. Nc3 a6 6. f3 e5 7. Nb3 Be7 8. Be3 Be6 9. Qd2 h5 10. O-O-O Nbd7 11. Kb1 Rc8 12. Nd5 Nxd5 13. exd5 Bf5 14.
Bd3 Bxd3 15. Qxd3 Bg5 16. Bf2 O-O 17. h4 Bh6 18. g4 hxg4 19. fxg4 Bf4 20. h5 Qg5 21.
Bh4 Qh6 22. Qf5 Nc5 23. Be7 Rfe8 24. g5 Qh8 25. g6 f6 26. Nxc5 Qh6 27. Bxd6 Be3 28.
Ne6 Kh8 29. Nxg7 Kxg7 30. Qd7+ Kh8 31. Rdf1 Bg5 32. Be7 Qg7 33. d6 Rcd8 34. Qe6 Rb8 35. Qd5 b5 36. h6 Qxg6 37. d7 Rxe7 38. d8=Q+ Rxd8 39. Qxd8+ Re8 40. Qb6 e4 41. Re1 Bd2 42. Reg1 Bg5 43. Qc6 e3 44. Rxg5 e2 45. Rgg1 Qxg1+ 46. Rxg1 e1=Q+ 47. Rxe1 Rxe1# 0-1

[Event "Late-Titled-Tuesday-Blitz-January-30-2024"]
[Site "Chess.com"]
[Date "2024.01.30"]
[Round "1"]
[White "sjoerd893"]
[Black "Harsha_Bharathakoti"]
[Result "0-1"]
[WhiteElo "2506"]
[BlackElo "2921"]
[TimeControl "180+1"]
[EndTime "14:07:51 PST"]
[Termination "Harsha_Bharathakoti won on time"]

1. e4 g6 2. d4 Bg7 3. Nc3 d6 4. Be3 a6 5. f3 b5 6. Qd2 b4 7. Nce2 a5 8. g4 h5 9. g5 Nd7 10. O-O-O Nb6 11. Nf4 e6 12. h4 Ne7 13. Kb1 Ba6 14.
Bxa6 Rxa6 15. Qd3 Ra8 16. Nge2 Qd7 17. d5 e5 18. Ng2 O-O 19. f4 exf4 20. Ngxf4 Na4 21.
Bd4 Nc5 22. Qe3 Rfe8 23. Bxg7 Nf5 24. Qf3 Nxg7 25. Ng3 a4 26. Rhf1 b3 27. a3 bxc2+ 28.
Kxc2 Rab8 29. Nd3 Nb3 30. Nb4 Nc5 31. Nc6 Rb3 32. Qf4 Rf8 33. Ne2 Qh3 34. Nc3 Qd7 35. Qf6 Kh7 36. Rf2 Qg4 37. Kc1 Qxh4 38. Ne7 Rxc3+ 39.
bxc3 Nxe4 40. Nxg6 fxg6 41. Qxf8 Nxf2 42. Rd2 Ne4 43.
Re2 Qxg5+ 44. Kc2 Qxd5 45. Qe7 Qa2+ 46. Kd3 Nc5+ 47. Ke3 Qc4 48. Kf3 Qxc3+ 49. Re3 Qd4 0-1

[Event "Late-Titled-Tuesday-Blitz-January-30-2024"]
[Site "Chess.com"]
[Date "2024.01.30"]
[Round "1"]
[White "only_strong_moves"]
[Black "Oleksandr_Bortnyk"]
[Result "0-1"]
[WhiteElo "2538"]
[BlackElo "3100"]
[TimeControl "180+1"]
[EndTime "14:07:53 PST"]
[Termination "Oleksandr_Bortnyk won by resignation"]

1. d4 Nf6 2. c4 b6 3. Nf3 Bb7 4. g3 g6 5. Bg2 Bg7 6. O-O O-O 7. Nc3 Ne4 8. Bd2 Re8 9. Qc2 Nxd2 10. Qxd2 e6 11. Rac1 d6 12. e4 Nd7 13. Rfe1 a6 14. a3 Qe7 15. b4 c5 16. d5 cxb4 17.
axb4 Rac8 18. Bf1 Qf6 19. dxe6 fxe6 20. Qxd6 Rcd8 21. Qf4 Qxf4 22. gxf4 Bh6 23. Ng5 e5 24. c5 bxc5 25. Bc4+ Kg7 26. Ne6+ Rxe6 27. Bxe6 cxb4 28.
Nd5 Bxd5 29. exd5 Nf8 30. Rc7+ Kh8 31. fxe5 Bd2 32. Rd1 Bc3 33. Rc8 Nxe6 34. Rxd8+ Nxd8 35. e6 Bf6 36. Rc1 b3 37. Rc8 b2 38. Rb8 Kg7 39.
e7 Bxe7 40. Rxb2 a5 41. Ra2 Bb4 42. Re2 Kf6 43. Re4 Nf7 44. Re6+ Kf5 45. Ra6 Nd6 46. Kg2 h5 47. Kf3 Ke5 48. Ke3 Kxd5 49. Kf4 Bd2+ 50. Kf3 g5 51. h3 Kc5 52. Ke2 Bb4 53. Kd3 Kb5 54. Ra8 a4 55. Kd4 a3 56. Ke5 Ba5 57.
Rb8+ Bb6 58. Ra8 Nc4+ 59. Kf5 Na5 60. Re8 a2 61. Re1 Nb3 62. Kxg5 Bxf2 63. Rd1 Be3+ 64. Kxh5 Bc1 65. Rd5+ Kc4 66. Rd8 a1=Q 67. Rc8+ Kd5 0-1

[Event "Late-Titled-Tuesday-Blitz-January-30-2024"]
[Site "Chess.com"]
[Date "2024.01.30"]
[Round "1"]
[White "jaskol95"]
[Black "FabianoCaruana"]
[Result "0-1"]
[WhiteElo "2533"]
[BlackElo "3049"]
[TimeControl "180+1"]
[EndTime "14:07:54 PST"]
[Termination "FabianoCaruana won by checkmate"]

1. d4 Nf6 2. Nc3 d5 3. Bf4 Bf5 4. e3 e6 5. Nf3 Bd6 6. Bxd6 cxd6 7. Bd3 Ne4 8. Bxe4 dxe4 9. Nd2 d5 10. f3 exf3 11.
Nxf3 Nc6 12. O-O O-O 13. a3 h6 14. Qe2 Rc8 15. Nd1 Na5 16. Ne1 Nc4 17. c3 Bh7 18. Nd3 Qg5 19. Rf4 Rfe8 20. N1f2 e5 21. Nxe5 Nxe5 22.
dxe5 Rxe5 23. Qf3 Rce8 24. Re1 Bg6 25. Ng4 R5e7 26. h4 Qh5 27. Rd1 Re4 28. Rxe4 Rxe4 29. Nf2 Qxf3 30. gxf3 Rxe3 31. Rxd5 Re2 32. h5 Bb1 33. b4 Re3 34. Kg2 Rxc3 35. Rd7 Rxa3 36. Rxb7 Ba2 37. Ne4 Bd5 38. Rb8+ Kh7 39. Re8 Rb3 40.
Nc5 Rxf3 41. Kh2 Rf5 42. Nd7 Rxh5+ 43. Kg3 Kg6 44. Nf8+ Kf5 45. Rd8 Rg5+ 46. Kf2 Be6 47. Ra8 Rg4 48. Rxa7 Rxb4 49. Ra5+ Kf6 50. Nh7+ Ke7 51.
Ra7+ Bd7 52. Ra8 Rc4 53. Ra7 Rc8 54. Rb7 Rh8 55. Nf6 gxf6 56. Kg3 Rg8+ 57. Kh4 Rg5 58.
Rc7 Rd5 59. Rb7 f5 60. Kh5 f4+ 61. Kh4 Rd3 62. Rxd7+ Rxd7 63. Kg4 Rd4 64. Kf3 Ke6 65. Kg4 h5+ 66. Kg5 f3 67. Kh6 f2 68. Kg7 f1=Q 69.
Kf8 Rg4 70. Ke8 Rg8# 0-1

[Event "Late-Titled-Tuesday-Blitz-January-30-2024"]
[Site "Chess.com"]
[Date "2024.01.30"]
[Round "1"]
[White "Zhigalko_Sergei"]
[Black "jlf287"]
[Result "1-0"]
[WhiteElo "2925"]
[BlackElo "2507"]
[TimeControl "180+1"]
[EndTime "14:07:55 PST"]
[Termination "Zhigalko_Sergei won on time"]

1. e4 e5 2. Nf3 Nc6 3. Bc4 Nf6 4. d3 Bc5 5. O-O d6 6. c3 a6 7. Bb3 Ba7 8. Nbd2 h6 9. Re1 g5 10. Nc4 Qe7 11. Be3 b5 12. Bxa7 bxc4 13. Ba4 Bd7 14.
Be3 cxd3 15. Qxd3 Nd8 16. Bb3 O-O 17. h4 Nh7 18. hxg5 hxg5 19. Qd2 g4 20. Nh2 Kh8 21. Nf1 Ne6 22. Ng3 Ng7 23. Bh6 Be6 24. Rad1 Qf6 25.
Rf1 Qg6 26. Rde1 a5 27. Bxg7+ Kxg7 28. f4 gxf3 29. Rxf3 Kh8 30. Ref1 a4 31. Bd1 Rg8 32. Nf5 Qg5 33. Qf2 Rg6 34. Rg3 Qd8 35. Bg4 a3 36. b3 Rb8 37. Ne3 Bxg4 38. Rxg4 Rxg4 39. Nxg4 Qg5 40.
Ne3 Rg8 41. Nd5 Rg7 42. Nxc7 f5 43. Ne6 Qf6 44. Nxg7 Kxg7 45. Qxf5 Qxf5 46. Rxf5 Nf6 47. Rxf6 Kxf6 48. Kf2 Ke6 49. Ke3 1-0

[Event "Late-Titled-Tuesday-Blitz-January-30-2024"]
[Site "Chess.com"]
[Date "2024.01.30"]
[Round "1"]
[White "Perecke"]
[Black "familijatop71"]
[Result "1-0"]
[WhiteElo "2600"]
[BlackElo "2225"]
[TimeControl "180+1"]
[EndTime "14:07:57 PST"]
[Termination "Perecke won on time"]

1. e4 d5 2. exd5 Qxd5 3. Nc3 Qa5 4.
Bc4 c6 5. d3 Nf6 6. Bd2 Qc7 7.
Nf3 Bg4 8. h3 Bxf3 9. Qxf3 e6 10. O-O-O Nbd7 11. d4 Be7 12. g4 O-O 13. g5 Nd5 14. h4 b5 15. Bd3 Nxc3 16. Bxc3 Nb6 17. h5 Nc4 18. Qe4 Bxg5+ 19. Kb1 f5 20. Qxe6+ Qf7 21. Qxc6 a6 22. Bb4 Rfc8 23. Qf3 a5 24.
Bc5 Nd2+ 25. Rxd2 Bxd2 26. Bxf5 Kh8 27. Qd3 Bh6 28. Bxh7 Rd8 29. Bf5 b4 30. f3 a4 31.
Bxb4 a3 32. b3 Qf6 33. Bc5 Rd5 34. Be4 Rxc5 35. Bxa8 Rc8 36. Be4 Rd8 37. Rd1 Bf4 38. Qc4 Be3 39. c3 Qh6 40. Qf7 Qg5 41.
Qg6 Qxg6 42. hxg6 Kg8 43. d5 Rd6 44. c4 Kf8 45. b4 Ke7 46. c5 Rd8 47. Kc2 Rb8 48.
d6+ Kd7 49. Bf5+ Kd8 50. c6 Rxb4 51. c7+ 1-0

[Event "Late-Titled-Tuesday-Blitz-January-30-2024"]
[Site "Chess.com"]
[Date "2024.01.30"]
[Round "1"]
[White "Nf3c5"]
[Black "BilodeauA"]
[Result "0-1"]
[WhiteElo "2527"]
[BlackElo "3020"]
[TimeControl "180+1"]
[EndTime "14:07:58 PST"]
[Termination "BilodeauA won on time"]

1. e4 e5 2. Nf3 Nc6 3. Nc3 Nf6 4. h3 Bb4 5. Nd5 Bd6 6. Nxf6+ Qxf6 7. Bc4 O-O 8. d3 Qd8 9. a3 Be7 10. O-O d6 11. Nh2 Be6 12. Bxe6 fxe6 13. f4 exf4 14. Bxf4 Bg5 15. Qg4 Bxf4 16. Rxf4 Rxf4 17. Qxf4 Nd4 18. Qf2 e5 19. Nf3 Ne6 20. Rf1 Qe7 21. Nd2 Nf4 22. Kh2 Rf8 23. Nc4 Qg5 24. Ne3 Ne6 25. Qg3 Qxg3+ 26. Kxg3 Nf4 27. Rf3 Re8 28. Kf2 Ne6 29. Ke1 b5 30. h4 h5 31. g3 a5 32. Rf2 a4 33. Nd5 c6 34. Ne3 g6 35. Kd2 Kg7 36. Nf1 Rb8 37. c3 d5 38. exd5 cxd5 39. Re2 e4 40. dxe4 d4 41. e5 Rd8 42. Re4 Nc5 43. Re1 Nb3+ 44. Kc2 d3+ 45. Kd1 Kf7 46. e6+ Ke7 47. Nd2 Na5 48. Re5 Rb8 49. Rd5 Kxe6 50. Rxd3 Nc6 51. Re3+ Kf5 52. Ke2 Ne5 53. Nf3 Nc4 54.
Nd4+ Kg4 55. Re6 g5 56. Rg6 Re8+ 57. Kf2 Rf8+ 58. Kg2 Ne3+ 59. Kh2 Rf2+ 60. Kh1 Kh3 0-1

[Event "Late-Titled-Tuesday-Blitz-January-30-2024"]
[Site "Chess.com"]
[Date "2024.01.30"]
[Round "1"]
[White "Inepton_Fermion"]
[Black "rquery98"]
[Result "0-1"]
[WhiteElo "2419"]
[BlackElo "2740"]
[TimeControl "180+1"]
[EndTime "14:07:59 PST"]
[Termination "rquery98 won on time"]

1. e4 e5 2. Nf3 Nc6 3. Bc4 Bc5 4. c3 Nf6 5. d4 exd4 6. e5 d5 7. Bb5 Ne4 8. cxd4 Bb6 9. Nc3 Bg4 10. Be3 O-O 11.
Qc2 Bf5 12. Qb3 Ne7 13. O-O c6 14. Bd3 Nxc3 15. Qxc3 Ba5 16. Qc2 Qd7 17. a3 Bc7 18. Bg5 Bxd3 19. Qxd3 h6 20. Bxe7 Qxe7 21. b4 Bb6 22.
Rfe1 Rfd8 23. g3 a5 24. bxa5 Rxa5 25. Reb1 Ra6 26. Rb3 Ba7 27. Rab1 b5 28. Rc1 Qb7 29. Kg2 Bb8 30. h4 Bc7 31. h5 Rda8 32. Nh4 Bd8 33.
Nf5 Be7 34. Rcc3 Bf8 35. Qf3 Qd7 36. Qg4 Qe6 37. Qf3 Kh8 38. g4 Ra4 39. Qe3 R4a6 40. f3 Rd8 41. Qc1 Rda8 42. Qe3 Be7 43. Qd3 Kg8 44. Kg3 Bf8 45. Qc2 Rb6 46. Qc1 Ra4 47.
Qd2 b4 48. axb4 Bxb4 49. Qd3 Ra2 50. Rc2 Ra5 51. Rcb2 Rab5 52. Qc2 Qc8 53. Qd3 Qd7 54. Qe3 Kf8 0-1

[Event "Late-Titled-Tuesday-Blitz-January-30-2024"]
[Site "Chess.com"]
[Date "2024.01.30"]
[Round "1"]
[White "Elprofessor21"]
[Black "cthulhuuu"]
[Result "1-0"]
[WhiteElo "2682"]
[BlackElo "2380"]
[TimeControl "180+1"]
[EndTime "14:08:00 PST"]
[Termination "Elprofessor21 won by resignation"]

1. e4 d6 2. b3 Nf6 3. Nc3 g6 4.
Bb2 Bg7 5. d3 O-O 6. Nf3 c5 7.
Qd2 Nc6 8. O-O-O a6 9. Be2 b5 10.
h4 h5 11. Ng5 e6 12. f4 Nd4 13.
Rdf1 a5 14. e5 b4 15. Nce4 Nxe4 16. Nxe4 dxe5 17. g4 hxg4 18. h5 exf4 19. Bxg4 f5 20. h6 Be5 21. h7+ Kh8 22. Nf2 fxg4 23. Nxg4 Bg7 24.
Kb1 a4 25. Rxf4 axb3 26. axb3 Rxf4 27. Qxf4 Bb7 28. Ne5 Bxh1 29. Nf7+ Kxh7 30. Qh2+ Kg8 31. Nxd8 Rxd8 32. Qxh1 Rf8 33. Qe1 Rf6 34. Bxd4 cxd4 35. Qxb4 e5 36. Qb8+ Kh7 37. Kb2 g5 38. Qxe5 Rg6 39.
Qf5 g4 40. Qh5+ Rh6 41. Qxg4 Rg6 42. Qe4 Bh6 43. b4 Bd2 44. b5 Bc3+ 45. Kb3 Kh6 46. Qh4+ Kg7 47. Qe7+ Kh6 48. Qd8 Rg1 49. Kc4 Rb1 50.
Qd6+ Kg7 51. b6 Ba5 52. Qe5+ Kh6 53. Qxa5 Rb2 54. Kxd4 1-0

[Event "Late-Titled-Tuesday-Blitz-January-30-2024"]
[Site "Chess.com"]
[Date "2024.01.30"]
[Round "1"]
[White "cristiano78"]
[Black "horripile"]
[Result "1-0"]
[WhiteElo "2306"]
[BlackElo "2604"]
[TimeControl "180+1"]
[EndTime "14:08:00 PST"]
[Termination "cristiano78 won by resignation"]

1. d4 Nf6 2. c4 e6 3. Nf3 Bb4+ 4. Bd2 a5 5. a3 Bxd2+ 6. Nbxd2 d5 7. e3 O-O 8. b4 c6 9. Ne5 Nbd7 10. Nxd7 Nxd7 11. Be2 Qe7 12. c5 e5 13. Nb3 axb4 14. axb4 Rxa1 15. Qxa1 exd4 16. Nxd4 Nf6 17. O-O h5 18. h3 h4 19.
Rc1 Ne4 20. b5 Bd7 21. bxc6 bxc6 22. Qa7 Re8 23. Qc7 Rc8 24. Qa7 g6 25. Bf3 Ng5 26. Bg4 f5 27. Be2 Qd8 28. Qb6 Ne4 29. Bf3 Nd2 30. Be2 Qe8 31. Qb2 Ne4 32. Bf3 Ng5 33.
Be2 Rb8 34. Qa3 Ra8 35. Qb2 Qb8 36. Rb1 Qxb2 37. Rxb2 Kf8 38. Rb7 Ke8 39. Rb6 Ra1+ 40. Kh2 Ra2 41. Kg1 Ne4 42. Bf3 Ra1+ 43. Kh2 Nxf2 44.
g3 Ra2 45. Bg2 f4 46. exf4 Nxh3 47. Nxc6 hxg3+ 48. Kxg3 Ng1 49. Ne5 Ne2+ 50. Kh4 Nxf4 51. Bf3 Bf5 52. Kg5 Ne6+ 53. Kf6 Nd8 54. Bxd5 Rc2 55.
Rb8 Rxc5 56. Bf7+ 1-0

[Event "Late-Titled-Tuesday-Blitz-January-30-2024"]
[Site "Chess.com"]
[Date "2024.01.30"]
[Round "1"]
[White "a-z30"]
[Black "Alex_Sahakyan2006"]
[Result "1-0"]
[WhiteElo "2514"]
[BlackElo "2859"]
[TimeControl "180+1"]
[EndTime "14:08:01 PST"]
[Termination "a-z30 won by checkmate"]

1. d3 Nf6 2. Nf3 g6 3. g3 Bg7 4.
Bg2 O-O 5. O-O d5 6. c4 dxc4 7. dxc4 Qxd1 8. Rxd1 c6 9. Nd4 Rd8 10. Nc3 Na6 11. Bf4 Ne8 12. Nxc6 Rxd1+ 13. Rxd1 Kf8 14.
Na5 Nc5 15. Nb3 Ne6 16. Be3 Nd6 17. c5 Nc4 18. c6 bxc6 19. Bxc6 Nxe3 20. Bxa8 Nxd1 21.
Nxd1 Ba6 22. Kf1 Bc4 23. Nc3 Nc7 24. Be4 Nb5 25. Na4 e6 26. Bd3 Bxd3 27. exd3 Ke7 28.
Ke2 Kd6 29. Kd2 Nd4 30. Nxd4 Bxd4 31. f3 Bg1 32. h3 Bf2 33. g4 Ke5 34. Ke2 Bd4 35. b4 Kd5 36. Kd2 Ke5 37. Nc3 Bf2 38. Ne2 f5 39. Kc3 Be1+ 40. Kc4 Kd6 41. d4 Kc6 42. a4 a6 43. b5+ axb5+ 44. axb5+ Kd6 45. Nf4 Bg3 46. Nd3 h5 47. Nc5 fxg4 48. fxg4 hxg4 49. hxg4 e5 50. Ne4+ Ke6 51. Nxg3 exd4 52. Kxd4 Kf6 53. Ke4 Kg5 54. Kf3 Kh4 55. Ne4 g5 56. b6 Kh3 57.
b7 Kh2 58. b8=Q+ Kg1 59. Qg3+ Kf1 60. Qf2# 1-0

[Event "Late-Titled-Tuesday-Blitz-January-30-2024"]
[Site "Chess.com"]
[Date "2024.01.30"]
[Round "1"]
[White "Vladimir_Zakhartsov"]
[Black "RaulPerezGuerra"]
[Result "1-0"]
[WhiteElo "2845"]
[BlackElo "2475"]
[TimeControl "180+1"]
[EndTime "14:08:01 PST"]
[Termination "Vladimir_Zakhartsov won by resignation"]

1. e4 b6 2. d4 Bb7 3. Bd3 e6 4. Nf3 Nf6 5. Qe2 d5 6. e5 Ne4 7. Nbd2 Nxd2 8. Bxd2 c5 9. c3 Nc6 10.
O-O Be7 11. g3 O-O 12. h4 Rc8 13. Be3 cxd4 14. cxd4 Nb4 15. Bg5 h6 16. Bxe7 Qxe7 17. a3 Nxd3 18. Qxd3 Qc7 19. Rfd1 Qc2 20. Qd2 Ba6 21.
Ne1 Qxd2 22. Rxd2 Rc4 23. Nc2 Rfc8 24. Ne3 R4c6 25. Kg2 Rc1 26. Rd1 Rxa1 27. Rxa1 Bd3 28. f3 Kf8 29. Kf2 Ke7 30. Ke1 f6 31. Kd2 Ba6 32. f4 fxe5 33. dxe5 d4 34. Nc2 Rc4 35.
Re1 d3 36. Nb4 Bb5 37. Nxd3 Rd4 38. Re3 g5 39. Kc3 Rc4+ 40. Kb3 gxh4 41. gxh4 Rd4 42. Kc3 Rc4+ 43. Kd2 Rd4 44. Rf3 Bxd3 45. Kc3 Be2 46. Re3 Rxf4 47. Rxe2 Rxh4 48. Rg2 Kd7 49. Rd2+ Ke7 50.
Rg2 Rf4 51. Rg6 h5 52. Rh6 Kd7 53. Rxh5 Kc6 54. Rh7 a5 55. Rh8 Re4 56. Rc8+ Kd7 57. Rb8 Kc7 58. Rh8 Rxe5 59. b4 Rc5+ 60. bxc5 bxc5 61.
Kc4 Kd6 62. Rh5 e5 63. Rh6+ 1-0

[Event "Late-Titled-Tuesday-Blitz-January-30-2024"]
[Site "Chess.com"]
[Date "2024.01.30"]
[Round "1"]
[White "JakubPulpan"]
[Black "esrosenberg"]
[Result "1-0"]
[WhiteElo "2708"]
[BlackElo "2410"]
[TimeControl "180+1"]
[EndTime "14:08:02 PST"]
[Termination "JakubPulpan won by checkmate"]

1. a3 g6 2. Nf3 Bg7 3. g3 b6 4.
Bg2 Bb7 5. O-O d6 6. d4 Nd7 7.
Re1 e6 8. e4 Ne7 9. Nc3 O-O 10.
Be3 d5 11. exd5 Nxd5 12. Nxd5 Bxd5 13. Rc1 Qc8 14. Qe2 Qb7 15. c4 Be4 16. Bg5 f5 17. Nh4 Bxg2 18. Qxe6+ Rf7 19. Nxg2 Bxd4 20. Nf4 Qf3 21. Qe2 Qxe2 22. Rxe2 Nc5 23. Rd1 Bg7 24. Nd5 Ne4 25. Bf4 c6 26. Nc7 Rc8 27. Ne6 Bf6 28.
f3 Nc5 29. b4 Nxe6 30. Rxe6 c5 31. b5 Kg7 32. Rdd6 Bd4+ 33. Kg2 Rcc7 34. h4 Rcd7 35. h5 Rxd6 36. h6+ Kg8 37. Rxd6 Re7 38. Kf1 Be5 39.
Rd8+ Kf7 40. Bxe5 Rxe5 41. Rh8 g5 42. Rxh7+ Kg6 43. Rxa7 Kxh6 44. Ra6 Re3 45. Rxb6+ Kh5 46. a4 Rxf3+ 47. Ke2 Ra3 48. Ra6 Kg4 49. b6 Kxg3 50.
Ra5 f4 51. b7 f3+ 52. Kd2 Rb3 53. Rb5 Rxb5 54. axb5 f2 55. b8=Q+ Kg2 56. Qb7+ Kg1 57. Qf7 f1=Q 58. Qxf1+ Kxf1 59. b6 g4 60. b7 g3 61.
b8=Q g2 62. Qf4+ Kg1 63. Ke2 Kh1 64. Qh4+ Kg1 65. Kf3 Kf1 66. Qf2# 1-0

[Event "Late-Titled-Tuesday-Blitz-January-30-2024"]
[Site "Chess.com"]
[Date "2024.01.30"]
[Round "1"]
[White "Filipets"]
[Black "ChEsper99"]
[Result "1-0"]
[WhiteElo "2584"]
[BlackElo "2147"]
[TimeControl "180+1"]
[EndTime "14:08:02 PST"]
[Termination "Filipets won by resignation"]

1. c4 c5 2. Nc3 g6 3. g3 Bg7 4. Bg2 Nc6 5. Nf3 d6 6. O-O e5 7. Rb1 Be6 8. d3 Nge7 9. a3 a5 10.
Ne1 O-O 11. Nc2 d5 12. b4 axb4 13. axb4 cxb4 14. Nxb4 dxc4 15. dxc4 Bxc4 16. Nxc6 bxc6 17. Bg5 f6 18. Be3 Nd5 19. Qc1 Nxc3 20. Qxc3 Bd5 21. Rfd1 Qa5 22. Qxa5 Rxa5 23. Bb6 Ra6 24. Bxd5+ cxd5 25.
Rxd5 Rb8 26. Rd8+ Rxd8 27. Bxd8 Rd6 28. Bc7 Rd7 29. Ba5 Bf8 30. e3 Kf7 31. Kg2 Ke6 32.
Kf3 f5 33. Rb6+ Rd6 34. Rb7 Rd7 35. Rb8 e4+ 36. Kg2 Bd6 37. Re8+ Kf7 38. Rh8 Ke6 39. Bc3 Be5 40. Re8+ Kf7 41. Rxe5 Rb7 42. h4 h5 43. Bd4 Rd7 44. Ra5 Rd6 45. Ra7+ Ke6 46. Rb7 Kd5 47. Rc7 Ke6 48. Kf1 Ra6 49. Ra7 Rc6 50.
Rb7 Kd5 51. Rg7 Kc4 52. Be5 Kd3 53. Rd7+ Kc2 54. Rc7 Rxc7 55. Bxc7 Kd1 56. Ba5 Kc2 57. Ke2 Kb3 58. Kd2 Kc4 59. Kc2 Kb5 60. Bd8 Kc4 61.
Be7 Kd5 62. Kc3 Ke6 63. Bg5 Kd5 64. Bf4 Kc6 65. Kd4 Kd7 66. Ke5 Ke7 67. Bg5+ Kf7 68. Kd6 Kg7 69. Ke6 Kh7 70. Kf6 1-0

[Event "Late-Titled-Tuesday-Blitz-January-30-2024"]
[Site "Chess.com"]
[Date "2024.01.30"]
[Round "1"]
[White "oskariot"]
[Black "19912131712118"]
[Result "1-0"]
[WhiteElo "2741"]
[BlackElo "2418"]
[TimeControl "180+1"]
[EndTime "14:08:03 PST"]
[Termination "oskariot won by checkmate"]

1. e4 c5 2. Nf3 e6 3. g3 Nc6 4.
Bg2 Nge7 5. O-O g6 6. c3 Bg7 7.
d4 cxd4 8. cxd4 d5 9. e5 h6 10. Nc3 a6 11. h4 Bd7 12. b3 Rc8 13.
Qd2 b5 14. Ne2 Qb6 15. Bb2 O-O 16. Nf4 a5 17. Nd3 Nf5 18. Nc5 Rfd8 19. Rfc1 Be8 20. g4 Nfe7 21. a3 Kh7 22. Bf1 Nb8 23. Rc2 Rc7 24. Rac1 Rdc8 25. Bd3 Na6 26. Qf4 Nxc5 27. dxc5 Rxc5 28. Rxc5 Rxc5 29. Rxc5 Qxc5 30. h5 Kg8 31. b4 axb4 32. axb4 Qc7 33. g5 hxg5 34. Qxg5 Nf5 35. Bxf5 exf5 36. h6 Bh8 37. Qh4 d4 38. h7+ Kf8 39.
Bxd4 Bc6 40. Bc5+ Ke8 41. Nd4 Bd5 42. Qf6 Bxf6 43. exf6 Qf4 44. h8=Q+ Kd7 45. Qh3 Qg5+ 46. Qg3 Qxf6 47. Qb8 Qg5+ 48. Kf1 Qc1+ 49. Ke2 Bc4+ 50. Kf3 Qc3+ 51. Kf4 Qc1+ 52. Ke5 Qe1+ 53. Kf6 Qe7+ 54. Bxe7 Bd5 55. Qd8# 1-0